 Dungeon Crawl Stone Soup version 0.29.1-1-gd02db6906a (webtiles) character file.

Game seed: 4061376253709649411

23 SlimeGoblin the Stinger (level 3, 24/24 HPs)
             Began as a Formicid Venom Mage on Sept 18, 2022.
             Quit the game on level 1 of the Dungeon on Sept 21, 2022.
             The game lasted 00:07:12 (841 turns).

SlimeGoblin the Stinger (Formicid Venom Mage)        Turns: 841, Time: 00:07:12

Health: 24/24      AC:  2    Str: 12    XL:     3   Next: 10%
Magic:  6/6        EV: 12    Int: 16    God:
Gold:   0          SH:  0    Dex: 14    Spells: 6/7 levels left

rFire   . . .      SeeInvis +   c - +0 spear
rCold   . . .      Faith    +   (no shield)
rNeg    . . .      Spirit   .   a - +0 robe
rPois   .          Reflect  .   (helmet unavailable)
rElec   .          Harm     .   (no cloak)
rCorr   .          Rampage  .   (no gloves)
Will    .....                   (no boots)
Stlth   ++........              f - amulet of faith
HPRegen 0.08/turn               (no ring)
MPRegen 0.10/turn               (no ring)

@: no status effects
A: permanent stasis, dig shafts and tunnels, antennae 3, four strong arms
a: Dig, Shaft Self


You were on level 1 of the Dungeon.
You visited 1 branch of the dungeon, and saw 1 of its levels.

Inventory:

Hand Weapons
 c - a +0 spear (weapon)
Armour
 a - a +0 robe (worn)
 e - a +0 ring mail
 g - a +0 leather armour
Jewellery
 f - an amulet of faith (around neck)
Scrolls
 d - a scroll of teleportation {unknown}
 h - a scroll of identify {unknown}
Potions
 b - a potion of magic


   Skills:
 * Level 0.5 Polearms
 + Level 1.9 Dodging
 + Level 2.4 Stealth
 * Level 2.5 Spellcasting
 + Level 1.1 Transmutations
 * Level 4.8 Poison Magic


You had 6 spell levels left.
You knew the following spells:

 Your Spells              Type           Power      Damage    Failure   Level
a - Sting                 Tmut/Pois      44%        1d5       6%          1

Your spell library contained the following spells:

 Spells                   Type           Power      Damage    Failure   Level
 Poisonous Vapours        Pois/Air       18%        N/A       11%         2
 Olgreb's Toxic Radiance  Pois           17%        N/A       26%         4
 Mephitic Cloud           Conj/Pois/Air  7%         N/A       30%         3
 Blade Hands              Tmut           2%         N/A       98%         5
 Irradiate                Conj/Tmut      1%         3d12      99%         5
 Dragon Form              Tmut           2%         N/A       100%        7


Dungeon Overview and Level Annotations

Branches:
Dungeon (1/15)

Altars:


Innate Abilities, Weirdness & Mutations

You cannot be hasted, slowed, berserked, paralysed or teleported.
You can dig through walls and to a lower floor.
You have a pair of large antennae on your head. (SInv)
Your four strong arms can wield two-handed weapons with a shield.


Message History

HP restored.
The dart slug launches a dart at you. The slug dart misses you.
Casting: Sting (safe; 7% risk of failure)
Confirm with . or Enter, or press ? or * to list all spells.
Aiming: Sting (safe; 7% risk of failure)
Press: ? - help, Shift-Dir - straight line, f - dart slug
Aim: a dart slug (100% to hit)
The sting hits the dart slug.
The dart slug is poisoned.
The dart slug is heavily wounded.
You hit the dart slug.
The dart slug is severely wounded.
You hit the dart slug.
You kill the dart slug!
You have reached level 3!
Your experience leads to an increase in your attributes!
Increase (S)trength, (I)ntelligence, or (D)exterity?
You feel clever. x2
No target in view!
Magic restored.
Found a stone staircase leading down.
A frilled lizard comes into view.
Found a scroll labelled NIOSCH HERITOUL.
Casting: Sting (safe; 6% risk of failure)
Confirm with . or Enter, or press ? or * to list all spells.
Aiming: Sting (safe; 6% risk of failure)
Press: ? - help, Shift-Dir - straight line, f - frilled lizard
Aim: a frilled lizard (asleep, 100% to hit)
The sting hits the frilled lizard.
The frilled lizard is poisoned.
You kill the frilled lizard!
You see here a frilled lizard corpse.
h - a scroll labelled NIOSCH HERITOUL
Okay, then.
Saving game... please wait.
Welcome back, SlimeGoblin the Formicid Venom Mage.
Press ? for a list of commands and other information.
Saving game... please wait.
Welcome back, SlimeGoblin the Formicid Venom Mage.
Press ? for a list of commands and other information.
Are you sure you want to abandon this character and quit the game? (Confirm with "yes".)

###################
..........†.....@.#
.################.#
.# .# #.# .# .# #.#
.# .#...#### #.# .#
..... ..# #.# ## #
##... #.# #.# ###
#.#####.# #.# #.#
########...
......#.# #.# #.#


There were no monsters in sight!

Vanquished Creatures
  3 dart slugs (D:1)
  A ball python (D:1)
  3 bats (D:1)
  An endoplasm (D:1)
  2 hobgoblins (D:1)
  3 jackals (D:1)
  A frilled lizard (D:1)
  A rat (D:1)
15 creatures vanquished.

Notes
Turn   | Place    | Note
-------+----------+-------------------------------------------
     0 | D:1      | SlimeGoblin the Formicid Venom Mage began the quest for the
                  | Orb.
     0 | D:1      | Reached XP level 1. HP: 13/13 MP: 3/3
   133 | D:1      | Reached XP level 2. HP: 10/19 MP: 1/5
   750 | D:1      | Reached XP level 3. HP: 24/24 MP: 4/6
   841 | D:1      | Quit the game

Illustrated notes

Levels and vault maps discovered:
D:1:      spicycebolla_arrival_ecumenical, layout_loops_ring

Action                   || total
-------------------------++-------
Melee: Spear             ||    34
 Cast: Sting             ||    23
Armor: Robe              ||     8
Dodge: Dodged            ||    43
